 Dungeon Crawl Stone Soup version 0.30-a0-779-g7971cf19c3 (webtiles) character file.

Game seed: 10727827357810141928

633 Goldberg the Poker (level 7, -1/82 HPs)
             Began as a Human Fighter on Feb 17, 2023.
             Was a Believer of the Shining One.
             Hit by a boomerang thrown by an orc (2 damage)
             ... on level 5 of the Dungeon.
             The game lasted 00:15:17 (3754 turns).

Goldberg the Poker (Human Fighter)                  Turns: 3754, Time: 00:15:18

Health: -1/82      AC:  9    Str: 18    XL:     7   Next: 78%
Magic:  7/7        EV:  9    Int:  9    God:    the Shining One [**....]
Gold:   155        SH:  7    Dex: 12    Spells: 6/6 levels left

rFire   . . .      SeeInvis .    a - +0 trident
rCold   . . .      Faith    .    c - +2 buckler
rNeg    + . .      Spirit   .    b - +0 scale mail
rPois   .          Reflect  .    (no helmet)
rElec   .          Harm     .    (no cloak)
rCorr   .          Rampage  .    o - +0 pair of gloves
Will    .....                    f - +0 pair of boots Stlth
                                 (no amulet)
HPRegen 0.33/turn                (no ring)
MPRegen 0.10/turn                (no ring)

@: berserking, lethally poisoned (-1 -> -11), glowing, very quick
A: no striking features
a: Renounce Religion, Divine Shield


You were on level 5 of the Dungeon.
You worshipped the Shining One.
The Shining One was pleased with you.
You visited 1 branch of the dungeon, and saw 5 of its levels.

You collected 209 gold pieces.
You spent 54 gold pieces at shops.

Inventory:

Hand Weapons
 a - a +0 trident (weapon)
Armour
 b - a +0 scale mail (worn)
 c - a +2 buckler (worn)
 f - a +0 pair of boots (worn)
 o - a +0 pair of gloves (worn)
Scrolls
 e - 3 scrolls of teleportation
 g - a scroll of enchant armour
 i - a scroll of magic mapping
 j - a scroll of fog
 l - 2 scrolls of identify
 n - a scroll of amnesia
 p - a scroll of immolation
Potions
 d - 2 potions of heal wounds {unknown}
 h - a potion of invisibility {unknown}
 k - a potion of lignification
 q - a potion of haste {unknown}


   Skills:
 + Level 4.3 Fighting
 + Level 5.1 Polearms
 + Level 4.6 Armour
 + Level 1.0 Dodging
 + Level 0.4 Stealth
 + Level 4.7 Shields


You had 6 spell levels left.
You didn't know any spells.
Your spell library contained the following spells:

 Spells                   Type           Power      Damage    Failure   Level
 Blink                    Tloc           0%         N/A       94%         2
 Cigotuvi's Dreadful Rot  Necr/Pois/Air  0%         N/A       94%         2
 Poisonous Vapours        Pois/Air       0%         N/A       94%         2
 Sublimation of Blood     Necr           0%         N/A       94%         2
 Mephitic Cloud           Conj/Pois/Air  0%         N/A       99%         3
 Tukima's Dance           Hex            0%         N/A       99%         3
 Manifold Assault         Tloc           0%         N/A       100%        4
 Passage of Golubria      Tloc           0%         N/A       100%        4
 Petrify                  Tmut/Erth      0%         N/A       100%        4
 Irradiate                Conj/Tmut      0%         3d11      100%        5
 Yara's Violent Unravell  Hex/Tmut       0%         3d3       100%        5
 Storm Form               Tmut/Air       0%         N/A       100%        7


Dungeon Overview and Level Annotations

Branches:
Dungeon (5/15)
 Temple: D:4-7

Altars:
Elyvilon
Kikubaaqudgha
Ru
The Shining One

Shops:
D:5 *


Message History

The orc wizard hits you with a +2 dagger of venom.
You are lethally poisoned!
You are too injured to fight recklessly!
You are too injured to fight recklessly!
You are too injured to fight recklessly!
You hit the orc wizard.
The orc wizard is moderately wounded.
You feel extremely sick.
The orc wizard hits you with a +2 dagger of venom.
* * * LOW HITPOINT WARNING * * *
You are more poisoned.
You hit the orc wizard.
The orc wizard is severely wounded.
* * * LOW HITPOINT WARNING * * *
You feel extremely sick. The orc wizard barely misses you.
A red film seems to cover your vision as you go berserk!
You feel yourself moving faster!
You feel mighty!
* * * LOW HITPOINT WARNING * * *
You feel very sick. You block the orc wizard's attack.
You puncture the orc wizard!
You kill the orc wizard!
Reactivating autopickup.
* * * LOW HITPOINT WARNING * * *
You feel very sick.
You are too injured to fight recklessly!
You are too injured to fight recklessly!
Reach: a) +0 trident
Press: ? - help, Dir - move target, f - orc
Aim: an orc, wielding a +0 whip and quivering stones (haloed, about 21% to evade your +0 trident)
You reach to attack!
You puncture the orc!
You kill the orc!
* * * LOW HITPOINT WARNING * * *
You feel very sick.
The orc throws a boomerang.
The boomerang barely misses you.
* * * LOW HITPOINT WARNING * * *
You feel very sick.
The orc throws a boomerang.
The boomerang hits you.
You die...

#.∩.........
#..######### #.## #.#
#.# #.# #.#
############.#
#...o)@....#.#
........#####.#.#
....).#.# #.#.#
.....<#.#####.#.########
....o ..................
..... ..#####.#.########
.... .### #.#.# .#.# #
#.#.# #.#.#


You could see an orc.

Vanquished Creatures
  An ogre (D:5)
  A scorpion (D:5)
  2 howler monkeys (D:4)
  A gnoll bouda (D:4)
  2 orc priests (D:3)
  An orc wizard (D:5)
  Natasha (thrice) (D:3)
  7 adders
  6 gnolls
  A white imp (D:5)
  An ufetubus (D:4)
  4 dart slugs
  8 orcs
  3 bat zombies (D:4)
  4 endoplasms
  A giant cockroach (D:4)
  9 goblins
  9 hobgoblins
  7 jackals
  9 quokkas
  4 ball pythons
  4 frilled lizards
  4 kobolds
  2 rats (D:2)
  2 rat zombies (D:4)
96 creatures vanquished.

Notes
Turn   | Place    | Note
-------+----------+-------------------------------------------
     0 | D:1      | Goldberg the Human Fighter began the quest for the Orb.
     0 | D:1      | Reached XP level 1. HP: 18/18 MP: 1/1
    57 | D:1      | Found a faded altar of an unknown god.
    61 | D:1      | Prayed at the altar of an unknown god.
    61 | D:1      | Became a worshipper of Elyvilon the Healer
    61 | D:1      | Reached * piety under Elyvilon
   293 | D:1      | Reached XP level 2. HP: 20/24 MP: 2/2
   576 | D:2      | Reached XP level 3. HP: 4/29 MP: 3/3
   580 | D:2      | Elyvilon protects you from harm!
   710 | D:2      | Reached XP level 4. HP: 35/35 MP: 4/4
   734 | D:2      | Reached ** piety under Elyvilon
  1078 | D:2      | Reached skill level 3 in Polearms
  1277 | D:3      | Reached XP level 5. HP: 41/41 MP: 5/5
  1622 | D:3      | Reached *** piety under Elyvilon
  1867 | D:3      | Reached XP level 6. HP: 40/47 MP: 6/6
  2061 | D:3      | Reached skill level 4 in Polearms
  2190 | D:3      | Noticed Natasha
  2197 | D:3      | Killed Natasha
  2374 | D:3      | Noticed Natasha
  2407 | D:3      | Killed Natasha
  2408 | D:3      | Noticed Natasha
  2421 | D:3      | Killed Natasha
  2881 | D:4      | Reached XP level 7. HP: 51/53 MP: 7/7
  3137 | D:4      | Reached **** piety under Elyvilon
  3227 | D:4      | Found a sacrificial altar of Ru.
  3227 | D:4      | Found a glowing golden altar of the Shining One.
  3278 | D:4      | Fell from the grace of Elyvilon
  3278 | D:4      | Became a worshipper of the Shining One
  3278 | D:4      | Reached * piety under the Shining One
  3278 | D:4      | Reached ** piety under the Shining One
  3318 | D:4      | Found an ancient bone altar of Kikubaaqudgha.
  3447 | D:5      | Entered Level 5 of the Dungeon
  3663 | D:5      | Reached skill level 5 in Polearms
  3663 | D:5      | Reached skill level 1 in Dodging
  3700 | D:5      | Found Hiwajeatz's Assorted Antiques.
  3708 | D:5      | Bought a scroll of identify for 54 gold pieces
  3753 | D:5      | HP: 4/82 [poisoned by an orc wizard]
  3754 | D:5      | HP: 1/82 [poisoned by an orc wizard]
  3754 | D:5      | Hit by a boomerang thrown by an orc

Illustrated notes

Levels and vault maps discovered:
D:1:      ncdulo_lavacross, layout_basic, basic_ecumenical_altar
D:2:      layout_rooms
D:3:      layout_loops_corners, kennysheep_generic_room_10, uniq_natasha
D:4:      layout_rooms, amethyst_overflow_temple_binary,
          lemuel_zombie_altar_kikubaaqudgha
D:5:      layout_basic, nicolae_overflow_two_pavilions, serial_shops, shop

Skill      XL: |  1  2  3  4  5  6  7 |
---------------+----------------------+-----
Polearms       | 3 4 5 |  5.1
Armour         | 4 |  4.6
Shields        | 4 |  4.7
Fighting       | 4 |  4.3
Dodging        | 1 |  1.0
Stealth        | |  0.4

Action                     |  1- 3 |  4- 6 |  7- 9 || total
---------------------------+-------+-------+-------++-------
  Melee: Trident           |    59 |   247 |    81 ||   387
    Use: Scroll            |       |     7 |     3 ||    10
         Potion            |       |     5 |     1 ||     6
 Armour: Scale mail        |    14 |    87 |    21 ||   122
         Skin              |       |     2 |       ||     2
  Dodge: Dodged            |     7 |    84 |    31 ||   122
  Block: Buckler           |    11 |    63 |    20 ||    94

Table legend: (Time is in decaauts)
 A = Elapsed time spent in this place.
 B = Non-inter-level travel time spent in this place.
 C = Inter-level travel time spent in this place.
 D = Time resting spent in this place.
 E = Time spent auto-exploring this place.
 F = Levels seen in this place.
 G = Mean time per level.
                   A        B        C        D        E       F      G
               +--------+--------+--------+--------+--------+-----+--------+
         Total |   3839 |   3835 |      4 |    305 |   2389 |   5 |  767.8 |
       Dungeon |   3839 |   3835 |      4 |    305 |   2389 |   5 |  767.8 |
               +--------+--------+--------+--------+--------+-----+--------+

Top non-repeatable levels by time:
     D:3: 1365 daAuts
     D:4: 880 daAuts
     D:2: 719 daAuts
     D:1: 564 daAuts
     D:5: 308 daAuts
